 Dungeon Crawl Stone Soup version 0.31.0-12-g77e489cdc1 (webtiles) character file.

Game seed: 7239782055075216405

424 Curundu the Chopper (level 6, 0/61 HPs)
             Began as a Minotaur Berserker on Feb 23, 2024.
             Was a Believer of Trog.
             Succumbed to a scorpion's poison
             ... on level 4 of the Dungeon.
             The game lasted 00:07:52 (2617 turns).

Curundu the Chopper (Minotaur Berserker)            Turns: 2617, Time: 00:07:53

Health: 0/61       AC: 10    Str: 21 (23) XL:     6   Next: 64%
Magic:  5/5        EV:  9    Int:  0 (2)  God:    Trog [**....]
Gold:   145        SH:  0    Dex:  8 (10) Spells: 5/5 levels left

rFire   . . .        a - +0 hand axe
rCold   . . .        (no shield)
rNeg    . . .        h - +0 chain mail
rPois   .            (helmet restricted)
rElec   .            (no cloak)
rCorr   .            (no gloves)
SInv    .            q - +0 pair of boots
Will    .....        (no amulet) Stlth
                     (no ring)
HPRegen 0.30/turn    (no ring)
MPRegen 0.09/turn

%: no passive effects
@: mighty, lethally poisoned (0 -> -1), attractive, slowed, lost intelligence,
invisible, unable to read, very slow
A: horns 2, retaliatory headbutt, hooves 1, dopey 1, robust 1, inability to
drink after injury 1
a: Renounce Religion, Berserk, Trog's Hand


You were on level 4 of the Dungeon.
You worshipped Trog.
Trog was pleased with you.
You visited 1 branch of the dungeon, and saw 4 of its levels.

You collected 145 gold pieces.

Inventory:

Hand Weapons
 a - a +0 hand axe (weapon)
 t - a +0 hand axe of flaming
Missiles
 g - 11 boomerangs (quivered)
Armour
 h - a +0 chain mail (worn)
 q - a +0 pair of boots (worn)
Jewellery
 o - a ring of positive energy
 s - a ring of fire
 u - an amulet of reflection
Wands
 b - a wand of mindburst (16)
Scrolls
 d - 2 scrolls of poison {unknown}
 f - 3 scrolls of identify {unknown}
 j - 2 scrolls of teleportation {unknown}
 k - a scroll of enchant weapon {unknown}
 l - a scroll of amnesia {unknown}
 n - a scroll of immolation {unknown}
 p - 2 scrolls of revelation {unknown}
 v - a scroll of vulnerability {unknown}


   Skills:
 + Level 5.2 Fighting
 + Level 6.5 Axes
 + Level 4.2 Armour
 + Level 3.3 Dodging
 + Level 1.2 Stealth


You had 5 spell levels left.
You didn't know any spells.
Your spell library was empty.

Dungeon Overview and Level Annotations

Branches:
Dungeon (4/15)
 Temple: D:4-7

Altars:
Vehumet

Shops:
D:1 [   D:2 ([


Innate Abilities, Weirdness & Mutations

You have a pair of horns on your head.
You reflexively headbutt those who attack you in melee.
You have large cloven feet.
You are dopey. (Int -2)
You are robust. (+10% HP)
You occasionally lose the ability to drink potions when taking damage.


Message History

You kill the scorpion!
Trog accepts your kill.
* * * LOW HITPOINT WARNING * * *
You feel very sick.
* * * LOW HITPOINT WARNING * * *
You feel very sick.
* * * LOW HITPOINT WARNING * * *
You feel very sick.
You see here an adder corpse.
It was a potion of invisibility.
You fade into invisibility!
* * * LOW HITPOINT WARNING * * *
You feel very sick.
It was a potion of might.
You feel very mighty all of a sudden.
* * * LOW HITPOINT WARNING * * *
You feel sick.
It was a potion of attraction.
You feel attractive to monsters.
* * * LOW HITPOINT WARNING * * *
You feel sick.
You hear a distant slurping noise.
It was a potion of mutation.
You feel extremely strange.
You occasionally lose the ability to drink potions when taking damage.
Your feet thicken and deform.
You feel stupid.
You feel robust.
* * * LOW HITPOINT WARNING * * *
You feel sick.
It was a potion of degeneration.
There was something very wrong with that liquid.
You feel weakened.
You feel dopey.
You have lost your intelligence.
You feel clumsy.
* * * LOW HITPOINT WARNING * * *
You feel sick.
* * * LOW HITPOINT WARNING * * *
You feel sick.
You can move again.
* * * LOW HITPOINT WARNING * * *
You feel sick.
You see here a +0 club.
You die...

#. ........... . ...
#......... ... .
#..####...###..# ....
.##.#........##..###.....
...........##.#..#.......
..#.##.....##............
....###....#.......:...>.
....#........#....#.....#
#.....##†.#..#..@##......
#.###.##..#..###)#.......
#.#####....>..##†........
......#..###.##..........
..##.....# #.....#.......
...##....# #.....#.....(.
.......(.# #..#.........#
...>..... ...##.........#
........#.... ..........#


There were no monsters in sight!

Vanquished Creatures
  An ogre (D:4)
  A scorpion (D:4)
  A howler monkey (D:4)
  A bombardier beetle (D:3)
  A hound (D:4)
  2 orc priests (D:4)
  An iguana (D:4)
  2 adders
  4 dart slugs
  6 orcs
  2 bats
  9 endoplasms
  3 giant cockroaches
  9 goblins
  3 hobgoblins
  2 quokkas
  8 ball pythons
  3 frilled lizards
  5 kobolds
  3 rats (D:1)
67 creatures vanquished.

Notes
Turn   | Place    | Note
-------+----------+-------------------------------------------
     0 | D:1      | Curundu the Minotaur Berserker began the quest for the Orb.
     0 | D:1      | Reached XP level 1. HP: 19/19 MP: 0/0
   217 | D:1      | Reached XP level 2. HP: 27/27 MP: 1/1
   407 | D:1      | Reached skill level 4 in Axes
   740 | D:1      | Found Peorgh Ewko's Armour Shoppe.
   750 | D:1      | Reached XP level 3. HP: 33/33 MP: 2/2
   983 | D:2      | Found Hitefriy's Antique Armour Shop.
   998 | D:2      | Found a radiant altar of Vehumet.
  1382 | D:2      | Found Puqepijah's Antique Weapon Shoppe.
  1708 | D:3      | Reached XP level 4. HP: 22/41 MP: 3/3
  1998 | D:3      | Reached ** piety under Trog
  2295 | D:3      | Found a radiant altar of Vehumet.
  2457 | D:4      | Noticed an ogre
  2463 | D:4      | Killed an ogre
  2464 | D:4      | Reached skill level 5 in Axes
  2464 | D:4      | Reached skill level 1 in Stealth
  2464 | D:4      | Reached XP level 5. HP: 47/47 MP: 4/4
  2504 | D:4      | Reached skill level 5 in Fighting
  2504 | D:4      | Reached XP level 6. HP: 55/56 MP: 5/5
  2508 | D:4      | Reached skill level 6 in Axes
  2613 | D:4      | Gained mutation: You occasionally lose the ability to drink
                  | potions when taking damage. [potion of mutation]
  2613 | D:4      | Gained mutation: You have large cloven feet. [potion of
                  | mutation]
  2613 | D:4      | Gained mutation: You are dopey. (Int -2) [potion of
                  | mutation]
  2613 | D:4      | Gained mutation: You are robust. (+10% HP) [potion of
                  | mutation]
  2614 | D:4      | Lost intelligence.
  2614 | D:4      | HP: 3/61 [poisoned by a scorpion]
  2616 | D:4      | HP: 1/61 [poisoned by a scorpion]
  2617 | D:4      | Succumbed to a scorpion's poison

Illustrated notes

Levels and vault maps discovered:
D:1:      elethiomel_arrival_infinity_welcomes_careful_drivers, layout_basic,
          serial_shops, shop, nrook_campfire, solitary_fountain,
          minmay_misc_feat_ornament
D:2:      layout_basic, basic_altar, serial_shops, shop,
          nicolae_shop_back_alley_shop
D:3:      layout_basic, nicolae_vehumet_altar_sigil,
          nicolae_concentric_dashed_squares_mild,
          minmay_randomly_rotated_circles
D:4:      cheibrodos_fertilizer, layout_cave_pools,
          serial_library_hellmonk_junction

Skill      XL: |  1  2  3  4  5  6 |
---------------+-------------------+-----
Fighting       | 4 5 |  5.2
Axes           | 4 5 6 |  6.5
Armour         | 3 4 |  4.2
Dodging        | 3 |  3.3
Stealth        | 1 |  1.2

Action                     |  1- 3 |  4- 6 || total
---------------------------+-------+-------++-------
  Melee: Hand axe          |    85 |    67 ||   152
         Headbutt          |    12 |    11 ||    23
         Punch             |       |     1 ||     1
 Invoke: Trog's Hand       |       |     1 ||     1
    Use: Potion            |       |     5 ||     5
   Stab: Sleeping          |     1 |       ||     1
 Armour: Animal skin       |    28 |       ||    28
         Chain mail        |    17 |    61 ||    78
  Dodge: Dodged            |    50 |    40 ||    90
